 Dungeon Crawl Stone Soup version 0.28-a0-1616-g050a50673c (webtiles) character file.

Game seed: 13634617776851387407

4 Shayle the Magician (level 1, -1/18 HPs)
             Began as a Djinni Warper on Jan 23, 2022.
             Slain by a goblin (3 damage)
             ... on level 2 of the Dungeon.
             The game lasted 00:01:01 (219 turns).

Shayle the Magician (Djinni Warper)                  Turns: 219, Time: 00:01:01

Health: -1/18      AC:  3    Str: 10    XL:     1   Next: 66%
Gold:   0          EV: 11    Int: 14    God:
                   SH:  0    Dex: 12

rFire   + + .      SeeInvis .     - Unarmed
rCold   x . .      Faith    .   (no shield)
rNeg    . . .      Spirit   .   a - +0 leather armour
rPois   ∞          Reflect  .   (no helmet)
rElec   .          Harm     .   (no cloak)
rCorr   .          Rampage  .   (no gloves)
Will    .....                   (boots unavailable)
Stlth   +.........              (no amulet)
HPRegen 0.06/turn               (no ring)
MPRegen 0.00/turn               (no ring)

@: flying
A: sickness immunity, fire resistance 2, cold vulnerability 1, float, innate
caster, hp casting, extra vitality 1
a: no special abilities


You were on level 2 of the Dungeon.
You visited 1 branch of the dungeon, and saw 2 of its levels.

Inventory:

Missiles
 c - 5 boomerangs of dispersal (quivered)
Armour
 a - a +0 leather armour (worn)
Scrolls
 b - a scroll of blinking


   Skills:
 + Level 2.1 Fighting
 - Level 0.7 Throwing
 - Level 1.0 Armour
 + Level 2.3 Dodging
 + Level 0.3 Stealth
 - Level 2.0 Unarmed Combat
 - Level 2.4 Spellcasting


You couldn't memorise any spells.
You knew the following spells:

 Your Spells              Type           Power      Damage    Failure   Level
a - Blink                 Tloc           16%        N/A       17%         2
b - Lesser Beckoning      Tloc           8%         N/A       34%         3
c - Gell's Gravitas       Tloc           8%         N/A       34%         3
d - Teleport Other        Tloc           8%         N/A       34%         3
e - Manifold Assault      Tloc           8%         N/A       97%         5
Your spell library was empty.

Dungeon Overview and Level Annotations

Branches:
Dungeon (2/15)

Altars:


Innate Abilities, Weirdness & Mutations

You are immune to sickness and miasma.
You are immune to poison.
Your flesh is very heat resistant. (rF++)
You are vulnerable to cold. (rC-)
You float through the air rather than walking.
You learn spells naturally, not from books.
Your magical power is your life essence.
You have superior vitality. (+4 MHP)


Message History

A kobold comes into view. It is wielding a +0 dagger.
The kobold hits you but does no damage.
The frilled lizard hisses angrily.
You hear an angry hiss.
You hear a shout!
You hear an angry hiss.
Found a hunting sling and 18 stones.
There is a stone staircase leading down here.
The ball python bites you. The ball python grabs you.
You stop descending the stairs.
The ball python constricts you. The kobold hits you but does no damage.
A hobgoblin comes into view.
Unknown command.
You escape the ball python's grasp.
The kobold barely misses you.
The ball python bites you but does no damage.
The ball python grabs you.
You stop descending the stairs.
The ball python constricts you.
Unknown command.
You escape the ball python's grasp.
The goblin hits you with a +0 club. The kobold hits you with a +0 dagger.
You fly downwards.
There is a stone staircase leading up here.
Unknown command.
Found 13 gold pieces.
The ball python bites you. The ball python grabs you.
The ball python constricts you. The goblin hits you with a +0 club.
The ball python barely misses you. The ball python constricts you.
You escape the ball python's grasp.
The ball python bites you.
* * * LOW HITPOINT WARNING * * *
The ball python barely misses you.
A kobold comes into view. It is wielding a +0 dagger.
The kobold shouts!
The kobold throws a stone.
The stone hits you but does no damage.
The kobold throws a stone.
The stone hits you but does no damage.
You barely miss the goblin. The goblin hits you with a +0 club.
* * * LOW HITPOINT WARNING * * *
You barely miss the goblin. The goblin hits you with a +0 club.
* * * LOW HITPOINT WARNING * * *
You closely miss the goblin. The goblin barely misses you.
Unknown command.
You barely miss the goblin. The goblin hits you with a +0 club.
You die...

#...#.........#
#...#.........#
#####.........#
#..<......#
#.........#
#S........#
#K#####.### #g#
... #@# .. #.#
# #K# #$# #.#
#.# ..# ..#


You could see a goblin, a ball python and 2 kobolds.

Vanquished Creatures
  An endoplasm (D:2)
  A jackal (D:2)
  2 rats (D:2)
4 creatures vanquished.

Notes
Turn   | Place    | Note
-------+----------+-------------------------------------------
     0 | D:1      | Shayle the Djinni Warper began the quest for the Orb.
     0 | D:1      | Reached XP level 1. HP: 18/18 MP: 0/0
   219 | D:2      | Slain by a goblin

Illustrated notes

Levels and vault maps discovered:
D:1:      lemuel_arrival_hallway, layout_basic, minmay_statues_item,
          st_stairs_10, minmay_misc_feat_enclosed, solitary_fountain,
          minmay_tetromino_o4
D:2:      layout_basic, basic_altar, uniq_crazy_yiuf_cottage, uniq_jessica

Action                   || total
-------------------------++-------
Melee: Unarmed           ||    24
Armor: Leather armour    ||    12
Dodge: Dodged            ||    15

Table legend: (Time is in decaauts)
 A = Elapsed time spent in this place.
 B = Non-inter-level travel time spent in this place.
 C = Inter-level travel time spent in this place.
 D = Time resting spent in this place.
 E = Time spent auto-exploring this place.
 F = Levels seen in this place.
 G = Mean time per level.
                   A        B        C        D        E       F      G
               +--------+--------+--------+--------+--------+-----+--------+
         Total |    218 |    218 |      0 |    141 |      6 |   2 |  109.0 |
       Dungeon |    218 |    218 |      0 |    141 |      6 |   2 |  109.0 |
               +--------+--------+--------+--------+--------+-----+--------+

Top non-repeatable levels by time:
     D:2: 201 daAuts
     D:1: 17 daAuts
